General information
- name: BNet
- type: Ladder team game (AT/RT)
- host: Battle.net
- saver: TheWildBunch
map: MarketSquare
- players: 8
- length: 49:06
- speed: Fast
- version: 1.27 W3XP
- replay type: Public
» download(322 KB)
Players
team 1 (loser)
TriToN_KinG (
blue | 52 APM | 1213 actions | 23:29)
4 Blademaster
2 Critical Strike
2 Wind Walk
3 Shadow Hunter
2 Hex
1 Healing Wave
» actions
| Basic commands | 29 | |
| Build / train | 56 | |
| ESC pressed | 2 | |
| Enter build submenu | 18 | |
| Enter hero's abilities submenu | 7 | |
| Give item / drop item | 1 | |
| Right click | 721 | |
| Select / deselect | 303 | |
| Use ability | 76 | |
1213 total
» units
| Peon | 9 | |
| Grunt | 5 | |
| Shaman | 9 | |
| Tauren | 6 | |
29 total
» upgrades
| Armor | 3 | |
| Shaman Training | 2 | |
| Melee Weapons | 2 | |
| Pulverize | 1 | |
| Reinforced Defenses | 1 | |
9 total
» buildings
| Altar of Storms | 1 | |
| Orc Burrow | 7 | |
| Barracks | 3 | |
| War Mill | 1 | |
| Voodoo Lounge | 1 | |
| Stronghold | 1 | |
| Watch Tower | 1 | |
| Spirit Lodge | 1 | |
| Fortress | 1 | |
| Tauren Totem | 2 | |
| Great Hall | 1 | |
20 total
» build order
00:14 Altar of Storms
00:29 Orc Burrow
01:10 Barracks
01:17 Barracks
01:21 Barracks
01:55 Orc Burrow
02:22 War Mill
02:42 Voodoo Lounge
03:44 Stronghold
04:04 Orc Burrow
04:07 Watch Tower
04:43 Orc Burrow
06:36 Spirit Lodge
06:40 Fortress
06:46 Orc Burrow
09:04 Tauren Totem
09:08 Tauren Totem
10:54 Orc Burrow
17:03 Great Hall
18:36 Orc Burrow
» items
| Healing Salve | 2 | |
| Orb of Lightning | 1 | |
| Scroll of Town Portal | 1 | |
| Periapt of Vitality | 1 | |
| Scroll of Healing | 1 | |
| Potion of Healing | 1 | |
7 total

»
BHopExecutioner (
yellow | 39 APM | 1330 actions | 33:47)
4 Blademaster
2 Wind Walk
2 Critical Strike
1 Shadow Hunter
1 Hex
» actions
| Assign group hotkey | 59 | |
| Basic commands | 52 | |
| Build / train | 71 | |
| ESC pressed | 7 | |
| Enter build submenu | 21 | |
| Enter hero's abilities submenu | 7 | |
| Give item / drop item | 3 | |
| Right click | 673 | |
| Select / deselect | 207 | |
| Select group hotkey | 167 | |
| Use ability | 63 | |
1330 total
» units
| Peon | 15 | |
| Grunt | 3 | |
| Raider | 7 | |
| Shaman | 4 | |
| Wind Rider | 1 | |
| Troll Batrider | 9 | |
| Kodo Beast | 2 | |
| Demolisher | 1 | |
| Spirit Walker | 1 | |
| Tauren | 2 | |
45 total
» upgrades
| Ensnare | 1 | |
| Shaman Training | 1 | |
| Pillage | 1 | |
| Witch Doctor Training | 1 | |
| Ranged Weapons | 2 | |
| Reinforced Defenses | 1 | |
| Spiked Barricades | 2 | |
| Envenomed Spears | 1 | |
| Liquid Fire | 1 | |
| Armor | 1 | |
| Burning Oil | 1 | |
13 total
» buildings
| Altar of Storms | 1 | |
| Orc Burrow | 8 | |
| Barracks | 1 | |
| Voodoo Lounge | 1 | |
| War Mill | 1 | |
| Stronghold | 1 | |
| Spirit Lodge | 1 | |
| Beastiary | 3 | |
| Fortress | 1 | |
| Great Hall | 1 | |
19 total
» build order
00:09 Altar of Storms
00:22 Orc Burrow
00:38 Barracks
01:31 Orc Burrow
02:08 Voodoo Lounge
03:46 Orc Burrow
03:59 War Mill
04:28 Stronghold
06:49 Spirit Lodge
07:07 Beastiary
10:09 Orc Burrow
10:13 Orc Burrow
12:49 Fortress
18:20 Beastiary
20:08 Beastiary
28:58 Great Hall
29:04 Orc Burrow
29:13 Orc Burrow
32:54 Orc Burrow
» items
| Lesser Clarity Potion | 1 | |
| Potion of Healing | 1 | |
| Scroll of Town Portal | 1 | |
| Orb of Lightning | 1 | |
4 total

»
tkYourWholeTeam (
green | 115 APM | 2696 actions | 23:21)
5 Blademaster
3 Wind Walk
2 Critical Strike
2 Shadow Hunter
1 Healing Wave
1 Hex
» actions
| Assign group hotkey | 45 | |
| Basic commands | 84 | |
| Build / train | 72 | |
| Enter build submenu | 18 | |
| Enter hero's abilities submenu | 8 | |
| Give item / drop item | 1 | |
| Remove unit from queue | 8 | |
| Right click | 1205 | |
| Select / deselect | 279 | |
| Select group hotkey | 867 | |
| Use ability | 109 | |
2696 total
» units
| Peon | 13 | |
| Grunt | 10 | |
| Demolisher | 3 | |
| Kodo Beast | 4 | |
| Spirit Walker | 5 | |
| Troll Witch Doctor | 1 | |
| Troll Headhunter/Berserker | -4 | |
| Tauren | 4 | |
36 total
» upgrades
| Melee Weapons | 2 | |
| Armor | 2 | |
| Berserker Strength | 1 | |
| Pillage | 1 | |
| Ranged Weapons | 1 | |
| Reinforced Defenses | 1 | |
| Troll Regeneration | 0 | |
| Berserker Upgrade | 1 | |
| War Drums Damage Increase | 1 | |
| Pulverize | 1 | |
| Spirit Walker Training | 2 | |
13 total
» buildings
| Altar of Storms | 1 | |
| Orc Burrow | 6 | |
| Barracks | 1 | |
| Voodoo Lounge | 2 | |
| War Mill | 1 | |
| Stronghold | 1 | |
| Spirit Lodge | 1 | |
| Beastiary | 1 | |
| Fortress | 1 | |
| Great Hall | 1 | |
| Watch Tower | 4 | |
| Tauren Totem | 1 | |
21 total
» build order
00:08 Altar of Storms
00:20 Orc Burrow
00:37 Barracks
01:29 Orc Burrow
02:07 Voodoo Lounge
03:11 Orc Burrow
04:14 War Mill
04:55 Stronghold
07:32 Spirit Lodge
07:36 Beastiary
07:41 Orc Burrow
07:43 Orc Burrow
10:04 Orc Burrow
11:36 Fortress
12:26 Great Hall
13:43 Watch Tower
13:43 Watch Tower
13:43 Watch Tower
13:44 Watch Tower
13:46 Voodoo Lounge
15:26 Tauren Totem
» items
JackalLantern (
pink | 55 APM | 2680 actions | 49:06)
11 Blademaster
3 Wind Walk
3 Critical Strike
2 Bladestorm
3 Mirror Image
» actions
| Assign group hotkey | 77 | |
| Basic commands | 37 | |
| Build / train | 104 | |
| Enter build submenu | 76 | |
| Enter hero's abilities submenu | 11 | |
| Give item / drop item | 9 | |
| Right click | 1306 | |
| Select / deselect | 447 | |
| Select group hotkey | 351 | |
| Use ability | 262 | |
2680 total
» units
| Peon | 32 | |
| Grunt | 4 | |
| Troll Batrider | 14 | |
| Troll Witch Doctor | 3 | |
53 total
» upgrades
| Reinforced Defenses | 1 | |
| Ranged Weapons | 3 | |
| Armor | 4 | |
| Liquid Fire | 1 | |
| Troll Regeneration | 1 | |
| Pillage | 1 | |
| Ensnare | 1 | |
| Envenomed Spears | 1 | |
| Witch Doctor Training | 2 | |
| Melee Weapons | 1 | |
| Shaman Training | 1 | |
| Spiked Barricades | 1 | |
18 total
» buildings
| Orc Burrow | 5 | |
| Altar of Storms | 1 | |
| Barracks | 1 | |
| War Mill | 1 | |
| Stronghold | 1 | |
| Voodoo Lounge | 1 | |
| Watch Tower | 62 | |
| Beastiary | 3 | |
| Great Hall | 6 | |
| Fortress | 1 | |
| Spirit Lodge | 1 | |
83 total
» build order
00:11 Orc Burrow
00:53 Altar of Storms
00:55 Barracks
01:06 Orc Burrow
02:34 War Mill
02:58 Stronghold
03:38 Voodoo Lounge
04:34 Watch Tower
04:35 Watch Tower
04:38 Watch Tower
04:38 Watch Tower
04:46 Watch Tower
06:53 Beastiary
06:54 Beastiary
06:55 Beastiary
08:35 Orc Burrow
08:36 Orc Burrow
08:53 Great Hall
09:16 Watch Tower
09:16 Watch Tower
09:17 Watch Tower
09:38 Watch Tower
09:46 Watch Tower
09:47 Watch Tower
09:48 Watch Tower
09:52 Watch Tower
09:56 Watch Tower
09:57 Watch Tower
11:02 Watch Tower
11:15 Orc Burrow
12:34 Fortress
12:37 Watch Tower
15:48 Watch Tower
15:48 Watch Tower
17:18 Watch Tower
17:22 Watch Tower
17:24 Watch Tower
18:14 Watch Tower
18:19 Watch Tower
18:23 Watch Tower
18:44 Watch Tower
24:54 Watch Tower
24:54 Watch Tower
24:55 Watch Tower
24:55 Watch Tower
24:59 Watch Tower
24:59 Watch Tower
25:02 Watch Tower
25:38 Watch Tower
25:41 Watch Tower
26:03 Spirit Lodge
26:41 Watch Tower
26:42 Watch Tower
26:46 Watch Tower
35:47 Watch Tower
35:47 Watch Tower
35:48 Watch Tower
35:48 Watch Tower
35:52 Watch Tower
35:53 Watch Tower
35:53 Watch Tower
35:54 Watch Tower
37:13 Watch Tower
37:13 Watch Tower
37:14 Watch Tower
37:20 Watch Tower
37:21 Watch Tower
37:22 Watch Tower
37:22 Watch Tower
37:23 Watch Tower
37:23 Watch Tower
37:24 Watch Tower
37:25 Watch Tower
38:33 Great Hall
38:35 Watch Tower
38:35 Watch Tower
38:36 Watch Tower
41:00 Great Hall
41:05 Great Hall
41:10 Great Hall
47:02 Great Hall
» items
| Healing Salve | 7 | |
| Periapt of Vitality | 1 | |
| Staff of Teleportation | 1 | |
| Lesser Clarity Potion | 1 | |
| Scroll of Town Portal | 7 | |
| Orb of Lightning | 1 | |
| Potion of Healing | 1 | |
19 total
team 2 (winner)
Virus_Fox. (
orange | 90 APM | 4425 actions | 49:06)
7 Blademaster
3 Critical Strike
3 Wind Walk
1 Bladestorm
5 Tauren Chieftain
2 War Stomp
3 Endurance Aura
4 Shadow Hunter
2 Healing Wave
2 Hex
1 Paladin
1 Divine Shield
» actions
| Assign group hotkey | 41 | |
| Basic commands | 181 | |
| Build / train | 218 | |
| ESC pressed | 13 | |
| Enter build submenu | 59 | |
| Enter hero's abilities submenu | 18 | |
| Give item / drop item | 11 | |
| Right click | 1469 | |
| Select / deselect | 710 | |
| Select group hotkey | 1391 | |
| Use ability | 314 | |
4425 total
» units
| Peon | 32 | |
| Grunt | 8 | |
| Wind Rider | 4 | |
| Shaman | 4 | |
| Troll Witch Doctor | 4 | |
| Raider | 1 | |
| Spirit Walker | 1 | |
| Peasant | 29 | |
| Dragonhawk Rider | 10 | |
93 total
» upgrades
| Pillage | 1 | |
| Ranged Weapons | 3 | |
| Shaman Training | 2 | |
| Witch Doctor Training | 2 | |
| Reinforced Defenses | 1 | |
| Envenomed Spears | 1 | |
| Armor | 1 | |
| Masonry | 1 | |
| Storm Hammers | 1 | |
| Cloud | 1 | |
14 total
» buildings
| Altar of Storms | 1 | |
| Orc Burrow | 8 | |
| Barracks | 1 | |
| Voodoo Lounge | 3 | |
| Stronghold | 2 | |
| Great Hall | 2 | |
| War Mill | 2 | |
| Fortress | 5 | |
| Beastiary | 3 | |
| Spirit Lodge | 3 | |
| Town Hall | 4 | |
| Watch Tower | 6 | |
| Gryphon Aviary | 3 | |
| Farm | 1 | |
| Scout Tower | 7 | |
| Blacksmith | 1 | |
| Guard Tower | 2 | |
54 total
» build order
00:10 Altar of Storms
00:17 Orc Burrow
00:44 Barracks
01:29 Orc Burrow
02:00 Voodoo Lounge
03:02 Stronghold
03:02 Stronghold
04:05 Orc Burrow
04:40 Great Hall
05:15 War Mill
05:24 Fortress
05:24 Fortress
05:24 Fortress
06:18 Beastiary
06:23 War Mill
07:27 Spirit Lodge
07:31 Spirit Lodge
07:56 Spirit Lodge
07:58 Orc Burrow
08:44 Beastiary
09:41 Beastiary
10:00 Orc Burrow
10:01 Orc Burrow
10:50 Orc Burrow
16:53 Voodoo Lounge
17:55 Voodoo Lounge
19:57 Town Hall
20:13 Orc Burrow
22:39 Watch Tower
22:59 Watch Tower
26:25 Town Hall
27:41 Gryphon Aviary
27:42 Gryphon Aviary
27:43 Gryphon Aviary
28:41 Great Hall
28:47 Watch Tower
28:48 Watch Tower
28:49 Watch Tower
29:09 Farm
29:17 Watch Tower
32:10 Town Hall
32:13 Scout Tower
32:13 Scout Tower
32:14 Scout Tower
32:14 Scout Tower
32:14 Scout Tower
32:15 Scout Tower
32:15 Scout Tower
32:42 Blacksmith
32:54 Guard Tower
32:54 Guard Tower
32:58 Town Hall
» items
| Healing Salve | 6 | |
| Potion of Lesser Invulnerability | 1 | |
| Scroll of Healing | 1 | |
| Staff of Teleportation | 1 | |
| Orb of Lightning | 1 | |
| Scroll of Speed | 1 | |
| Lesser Clarity Potion | 6 | |
| Tiny Great Hall | 12 | |
29 total
BahGawdItsKane (
red | 144 APM | 2767 actions | 19:10)
3 Archmage
1 Summon Water Elemental
1 Brilliance Aura
1 Blizzard
1 Paladin
1 Holy Light
» actions
| Assign group hotkey | 131 | |
| Basic commands | 211 | |
| Build / train | 57 | |
| ESC pressed | 7 | |
| Enter build submenu | 49 | |
| Enter hero's abilities submenu | 4 | |
| Right click | 1177 | |
| Select / deselect | 561 | |
| Select group hotkey | 481 | |
| Use ability | 89 | |
2767 total
» units
| Peasant | 20 | |
| Footman | 8 | |
| Spell Breaker | 5 | |
| Priest | 1 | |
34 total
» upgrades
| Masonry | 2 | |
| Lumber Harvesting | 2 | |
| Priest Training | 1 | |
5 total
» buildings
| Lumber Mill | 5 | |
| Barracks | 1 | |
| Farm | 14 | |
| Altar of Kings | 1 | |
| Scout Tower | 15 | |
| Town Hall | 3 | |
| Guard Tower | 7 | |
| Arcane Vault | 3 | |
| Keep | 1 | |
| Arcane Sanctum | 3 | |
| Castle | 1 | |
54 total
» build order
00:22 Lumber Mill
00:50 Barracks
01:04 Farm
01:06 Farm
01:19 Altar of Kings
01:58 Farm
02:36 Farm
03:09 Farm
04:11 Farm
04:44 Farm
05:08 Lumber Mill
05:10 Scout Tower
05:11 Scout Tower
05:11 Scout Tower
05:17 Farm
05:46 Lumber Mill
05:49 Lumber Mill
05:51 Town Hall
05:57 Guard Tower
05:57 Guard Tower
06:02 Arcane Vault
06:41 Guard Tower
07:06 Scout Tower
07:06 Scout Tower
07:08 Scout Tower
07:09 Scout Tower
07:26 Arcane Vault
07:29 Keep
07:34 Guard Tower
07:35 Guard Tower
07:59 Scout Tower
07:59 Scout Tower
09:54 Arcane Sanctum
09:55 Arcane Sanctum
09:57 Arcane Sanctum
11:07 Lumber Mill
11:18 Farm
11:21 Farm
12:54 Farm
12:56 Farm
13:46 Castle
15:28 Farm
15:30 Farm
15:52 Scout Tower
15:52 Scout Tower
15:53 Scout Tower
15:54 Scout Tower
15:55 Scout Tower
15:55 Scout Tower
15:57 Town Hall
16:23 Town Hall
16:33 Guard Tower
17:42 Arcane Vault

»
236 (
teal | 73 APM | 2937 actions | 40:06)
6 Death Knight
3 Death Coil
3 Unholy Aura
3 Lich
2 Frost Nova
1 Frost Armor
4 Dark Ranger
3 Silence
1 Black Arrow
» actions
| Assign group hotkey | 32 | |
| Basic commands | 309 | |
| Build / train | 98 | |
| ESC pressed | 9 | |
| Enter build submenu | 26 | |
| Enter hero's abilities submenu | 13 | |
| Give item / drop item | 3 | |
| Right click | 749 | |
| Select / deselect | 680 | |
| Select group hotkey | 823 | |
| Use ability | 194 | |
2937 total
» units
| Acolyte | 13 | |
| Ghoul | 4 | |
| Crypt Fiend | 13 | |
| Obsidian Statue | 8 | |
38 total
» upgrades
| Creature Attack | 3 | |
| Creature Carapace | 3 | |
| Destroyer Form | 1 | |
| Web | 1 | |
8 total
» buildings
| Crypt | 1 | |
| Altar of Darkness | 1 | |
| Ziggurat | 9 | |
| Tomb of Relics | 3 | |
| Graveyard | 1 | |
| Halls of the Dead | 2 | |
| Black Citadel | 1 | |
| Slaughterhouse | 2 | |
| Spirit Tower | 4 | |
| Nerubian Tower | 4 | |
| Necropolis | 1 | |
| Sacrificial Pit | 1 | |
30 total
» build order
00:09 Crypt
00:11 Altar of Darkness
00:39 Ziggurat
00:59 Tomb of Relics
01:15 Graveyard
01:49 Ziggurat
04:30 Halls of the Dead
04:31 Halls of the Dead
05:29 Ziggurat
06:56 Black Citadel
07:42 Slaughterhouse
07:44 Slaughterhouse
11:11 Ziggurat
11:17 Ziggurat
13:27 Ziggurat
13:31 Ziggurat
21:44 Spirit Tower
21:45 Spirit Tower
22:29 Nerubian Tower
23:06 Nerubian Tower
29:06 Necropolis
31:23 Ziggurat
33:27 Tomb of Relics
33:28 Tomb of Relics
34:31 Sacrificial Pit
34:51 Spirit Tower
34:53 Ziggurat
» items
| Rod of Necromancy | 2 | |
| Boots of Speed | 1 | |
| Scroll of Town Portal | 2 | |
| Potion of Healing | 2 | |
| Dust of Appearance | 2 | |
9 total
TheWildBunch (
purple | 70 APM | 3432 actions | 49:06)
6 Blademaster
3 Wind Walk
2 Critical Strike
1 Bladestorm
1 Archmage
1 Brilliance Aura
» actions
| Assign group hotkey | 101 | |
| Basic commands | 226 | |
| Build / train | 92 | |
| ESC pressed | 21 | |
| Enter build submenu | 39 | |
| Enter hero's abilities submenu | 7 | |
| Give item / drop item | 3 | |
| Right click | 1386 | |
| Select / deselect | 361 | |
| Select group hotkey | 908 | |
| Use ability | 288 | |
3432 total
» units
» upgrades
| Berserker Strength | 1 | |
| Armor | 3 | |
| Pillage | 1 | |
| Reinforced Defenses | 1 | |
| Ranged Weapons | 3 | |
| Envenomed Spears | 1 | |
| Spiked Barricades | 3 | |
| Troll Regeneration | 1 | |
| Liquid Fire | 1 | |
| War Drums Damage Increase | 1 | |
| Backpack | 1 | |
| Melee Weapons | 1 | |
| Ensnare | 1 | |
| Berserker Upgrade | 1 | |
| Burning Oil | 1 | |
21 total
» buildings
| Orc Burrow | 7 | |
| Barracks | 3 | |
| Altar of Storms | 1 | |
| Voodoo Lounge | 1 | |
| Stronghold | 4 | |
| Great Hall | 4 | |
| War Mill | 1 | |
| Fortress | 3 | |
| Watch Tower | 18 | |
| Beastiary | 5 | |
| Spirit Lodge | 2 | |
| Tauren Totem | 2 | |
51 total
» build order
00:10 Orc Burrow
00:39 Orc Burrow
01:26 Barracks
01:29 Altar of Storms
01:36 Voodoo Lounge
02:11 Orc Burrow
04:23 Stronghold
04:23 Stronghold
05:03 Great Hall
05:48 War Mill
06:45 Fortress
06:45 Fortress
08:11 Watch Tower
08:12 Watch Tower
08:26 Beastiary
08:27 Beastiary
09:34 Great Hall
10:26 Orc Burrow
15:54 Great Hall
16:58 Watch Tower
16:59 Watch Tower
17:00 Watch Tower
23:50 Great Hall
24:41 Watch Tower
24:42 Watch Tower
24:43 Watch Tower
24:44 Watch Tower
25:40 Orc Burrow
25:43 Orc Burrow
25:48 Orc Burrow
26:26 Watch Tower
26:27 Watch Tower
26:29 Watch Tower
26:30 Watch Tower
29:59 Beastiary
30:03 Beastiary
30:06 Beastiary
30:11 Barracks
30:12 Barracks
30:18 Spirit Lodge
30:20 Spirit Lodge
30:22 Tauren Totem
30:25 Tauren Totem
30:29 Watch Tower
30:29 Watch Tower
30:32 Watch Tower
30:37 Watch Tower
30:39 Watch Tower
» items
| Healing Salve | 2 | |
| Lesser Clarity Potion | 3 | |
| Orb of Lightning | 1 | |
| Potion of Mana | 1 | |
| Boots of Speed | 1 | |
| Circlet of Nobility | 1 | |
| Orb of Corruption | 1 | |
10 total
Chat log
(00:14 / All) tkYourWholeTeam: glhf
(00:17 / All) BahGawdItsKane: hf
(03:37 / Allies) BahGawdItsKane: expanding
(03:56 / Allies) TheWildBunch: why don't you go bot mid
(04:02 / Allies) TheWildBunch: rather than the expo near me
(04:05 / Allies) BahGawdItsKane: okay ill work around it
(04:36 / Allies) BahGawdItsKane: go ahead and take
(04:38 / Allies) TheWildBunch: ty
(04:48 / Allies) TheWildBunch: I appreciate that man
(04:51 / Allies) BahGawdItsKane: taking that one now
(04:52 / Allies) BahGawdItsKane: np
(04:56 / Allies) TheWildBunch: want help creeping?
(04:59 / Allies) BahGawdItsKane: yeah
(05:22 / Allies) BahGawdItsKane: they MAY be mid
(05:25 / Allies) BahGawdItsKane: so keep an eye on it
(05:37 / Allies) TheWildBunch: mind if I take ring of regen fort bm?
(05:40 / Allies) BahGawdItsKane: take it
(05:42 / Allies) TheWildBunch: ty
(05:45 / Allies) BahGawdItsKane: np
(05:55 / Allies) BahGawdItsKane: gj
(06:17 / Allies) TheWildBunch: fuck lol
(06:20 / Allies) BahGawdItsKane: yeah b
(06:21 / Allies) TheWildBunch: few secs from creepjacking that wizard
(07:31 / Allies) BahGawdItsKane: im going breaker
(07:33 / Allies) BahGawdItsKane: gonna be a few
(07:34 / Allies) Virus_Fox.: wood plz
(09:10 / Allies) BahGawdItsKane: play defensive
(09:11 / Allies) BahGawdItsKane: it can go
(09:17 / All) TheWildBunch: god I fucking hate the kobold bash
(09:48 / Allies) BahGawdItsKane: im switching to blizz and harassing in a sec
(10:16 / All) TheWildBunch: me rusty lawl
(10:50 / Allies) BahGawdItsKane: goddamn this bullshit who actually hoards grunts earlygame like this
(11:48 / All) TheWildBunch: 3 rings of regen LOL
(11:51 / Allies) BahGawdItsKane: going straight breaker/priest for now
(11:52 / Allies) Virus_Fox.: GOLD
(12:27 / Allies) BahGawdItsKane: coming on foot
(12:34 / Allies) BahGawdItsKane: we should try to make some headway now
(13:47 / Allies) Virus_Fox.: TP ALLY
(13:53 / Allies) BahGawdItsKane: going
(14:25 / All) JackalLantern: test
(14:45 / 10) JackalLantern: my whispers don't seem to be sending for some reason
(15:13 / Allies) BahGawdItsKane: go mid?
(15:57 / 10) JackalLantern: green expo
(16:25 / All) TheWildBunch: GOT YO BM
(16:49 / 10) JackalLantern: green expo needs taken care of if you get a chance
(17:19 / 9) TheWildBunch: can you not see my messages
(17:23 / 9) TheWildBunch: says you exited bnet for osme reason
(17:32 / 10) JackalLantern: nope didn't see any
(17:33 / 10) JackalLantern: lawl
(17:36 / 9) TheWildBunch: lawl
(17:38 / 9) TheWildBunch: that's bizarre
(17:41 / 9) TheWildBunch: it thinks you aren't on bnet
(17:50 / 10) JackalLantern: weird as fuck
(17:59 / 10) JackalLantern: I turned off utorrent and stopped dropping
(18:03 / Allies) BahGawdItsKane: yo, we need those wyverns
(18:11 / Allies) 236: are we missing a player?
(18:21 / Allies) BahGawdItsKane: nah purple is dicking around
(18:33 / Allies) TheWildBunch: hmm?
(18:37 / Allies) TheWildBunch: what are you talking about
(18:42 / Allies) BahGawdItsKane: you've been sitting on those for like five minutes
(19:04 / Allies) TheWildBunch: oh okay
(19:06 / Allies) TheWildBunch: I'll use them
(19:11 / Allies) TheWildBunch: I forgot about them
(19:13 / Allies) TheWildBunch: wtf
(19:23 / All) TheWildBunch: I'm alt tabbin and shit and my team don't like it
(20:19 / Allies) 236: set sentries
(20:43 / 9) TheWildBunch: I think red left because I'm not paying much attention
(20:52 / 9) TheWildBunch: and he pointed out my wyvs and I was like "oh!" and he got mad and left
(21:19 / All) TheWildBunch: LOL
(21:21 / All) TheWildBunch: GOT YOUR BM AGAIN
(21:26 / All) TheWildBunch: NICE YELLOW
(22:21 / All) TheWildBunch: GOT YO BM!!!
(22:31 / All) TheWildBunch: Kigami is the king of blademasters
(22:41 / All) TheWildBunch: He rules your blademasters
(23:28 / All) TheWildBunch: wow babies
(23:49 / All) JackalLantern: SO SOLLY
(23:56 / Allies) Virus_Fox.: GOLD PLZ
(24:04 / All) TheWildBunch: those wards everywhere are really annoying
(24:11 / 10) JackalLantern: expos?
(24:20 / 10) JackalLantern: take expos fro myour team lalw
(24:23 / 9) TheWildBunch: none
(24:29 / 9) TheWildBunch: you have only expo lol
(24:50 / 9) TheWildBunch: I never see so few expos on market square
(25:22 / 9) TheWildBunch: gonna try to expo bot left
(26:10 / 9) TheWildBunch: is yellow saying anything or afk
(26:19 / Allies) Virus_Fox.: GOLD3
(27:01 / Allies) TheWildBunch: I'll give you gold if you pay 20% interest
(27:09 / Allies) TheWildBunch: I don't just hand out money for free
(27:17 / Allies) TheWildBunch: my peons worked hard for this coin
(27:24 / Allies) Virus_Fox.: GOLD
(27:25 / Allies) TheWildBunch: it was hauled right out of gold mines, and refined
(27:25 / Allies) Virus_Fox.: 400
(27:28 / Allies) Virus_Fox.: FOR BAS
(27:38 / Allies) TheWildBunch: Aight, but you gotta pay 20% interest when you can afford it and pay me back
(27:39 / Allies) TheWildBunch: deal?
(27:59 / Allies) TheWildBunch: deal, orange?
(28:45 / 9) TheWildBunch: wow the expos are still only ours
(29:40 / 9) TheWildBunch: orange rebuilding in his main
(29:46 / 9) TheWildBunch: teal top left expo
(30:37 / Allies) Virus_Fox.: gold 400
(30:40 / Allies) Virus_Fox.: plz
(30:53 / Allies) TheWildBunch: I offered you 400 gold if you made a deal to pay me back when you can with 20% interest
(31:02 / Allies) TheWildBunch: you didn't seem to accept, pal
(31:08 / Allies) TheWildBunch: beggars can't be choosers, is it a deal or not?
(32:11 / 9) TheWildBunch: teal top left expo
(32:32 / 10) JackalLantern: k you're gonna have to start tking lawl
(32:40 / 9) TheWildBunch: lawl aight after I creep last two corners
(32:54 / 9) TheWildBunch: shit he's making expo with red at bot mid too
(32:55 / 9) TheWildBunch: canceled it
(33:28 / All) TheWildBunch: damn ring of prot +5
(33:53 / 9) TheWildBunch: damn your team all left
(34:18 / 10) JackalLantern: yeap start tking lawl
(34:36 / All) TheWildBunch: oh you got that dark wizard too
(35:02 / All) JackalLantern: red has mh
(35:15 / All) TheWildBunch: red left so it's either teal or orange
(35:21 / All) JackalLantern: probably orange
(35:33 / All) TheWildBunch: MAPHACKERS MUST DIE!
(35:41 / Allies) 236: i am not hacking...
(36:00 / Allies) TheWildBunch: I doubt you'd testify to that in a court of law, I think you're a good for nothing MAPHACKER!
(36:05 / 10) JackalLantern: help my base
(36:06 / Allies) 236: ok
(36:08 / 9) TheWildBunch: omw
(38:08 / Allies) 236: this is so fucking boring
(38:13 / Allies) 236: can we please end?
(38:14 / All) TheWildBunch: Chat really sucked this game
(38:18 / Allies) TheWildBunch: I end you buddy
(38:19 / All) JackalLantern: Yeh
(38:24 / Allies) TheWildBunch: I'm gonna kill you and all your buildings
(38:28 / All) JackalLantern: leavers for no reason
(38:29 / Allies) TheWildBunch: and you're going to get a big fat LOSS!
(38:37 / Allies) 236: i dont care man
(38:38 / All) TheWildBunch: I had a couple really good games with jake
(38:45 / All) TheWildBunch: with great chat
(38:49 / All) TheWildBunch: hopefully we get that lucky
(39:19 / All) TheWildBunch: nice thanks teal
(39:23 / All) TheWildBunch: making it easy on me unsummoning
(39:31 / All) 236: gg
(39:44 / All) 236: gonna go play real g ame
(39:55 / All) TheWildBunch: bad luck in your new game
(39:57 / All) TheWildBunch: don't have fun with it
(40:12 / All) JackalLantern: raepd lawl
(40:21 / All) JackalLantern: had two hero errors this game
(40:21 / 9) TheWildBunch: you can finish off orange base
(40:36 / All) TheWildBunch: I rarely get those compared to you for some reason
(41:31 / All) JackalLantern: did you get the crown or was it someone on my team
(41:42 / All) TheWildBunch: not sure lawl
(41:47 / All) TheWildBunch: whenever I went to check heroes they were dead
(41:51 / All) TheWildBunch: but the ones I did check I didn't see it
(41:52 / All) JackalLantern: might have been orange
(41:59 / All) JackalLantern: yeah I didn't see anyone have it
(42:09 / All) JackalLantern: don't think I checked orange tho
(42:31 / All) JackalLantern: someone on your team had mh
(42:36 / All) TheWildBunch: I think I missed checking him too
(42:39 / All) JackalLantern: red disengaged whatever he was doing
(42:45 / All) JackalLantern: then went and netted by bats with his dhawks
(42:49 / All) TheWildBunch: teal denied it in chat and said he didn't mh
(43:17 / All) JackalLantern: I'd have to check replay they may have had vision
(43:20 / All) JackalLantern: But I doubt it
(43:32 / All) JackalLantern: I can't stats either lawl
(43:42 / All) JackalLantern: I'm disconnected to bnet for all intents and purposes
(43:43 / All) TheWildBunch: lawl does it not think you are on bnet to even do /stats
(43:46 / All) TheWildBunch: wow
(43:51 / All) JackalLantern: and can't whisper
(43:53 / All) TheWildBunch: surprised it didn't dc you
(44:05 / All) JackalLantern: I bet when I exit this game I'll get disconnected message
(44:18 / All) TheWildBunch: that's really weird
(45:46 / All) TheWildBunch: red farm right of that one too
(45:48 / All) TheWildBunch: at the edge
(47:14 / All) JackalLantern: built an expo on a low mine lawl
(48:26 / All) TheWildBunch: anything to say for yourself, orange?
(49:01 / All) TheWildBunch: guess not, see ya later punk! YOU LOSE!